 Dungeon Crawl Stone Soup version 0.18.1-48-g4cf74bf (webtiles) character file.

30 Gargoyl the Skirmisher (level 3, -6/29 HPs)
             Began as a Demonspawn Abyssal Knight on July 2, 2016.
             Was a Follower of Lugonu.
             Mangled by Sigmund
             ... wielding a +0 scythe
              (7 damage)
             ... on level 2 of the Dungeon.
             The game lasted 00:02:35 (1264 turns).

Gargoyl the Skirmisher (Demonspawn Abyssal Knight)  Turns: 1264, Time: 00:02:35

Health: -6/29      AC:  5    Str: 13    XL:     3   Next: 5%
Magic:  5/5        EV: 10    Int: 13    God:    Lugonu [*.....]
Gold:   45         SH:  0    Dex: 12    Spells: 0 memorised, 2 levels left

rFire  + . .     SeeInvis .     a - +1 hand axe
rCold  . . .     Gourm    .     i - +0 ring mail
rNeg   . . .     Faith    .     (no shield)
rPois  .         Spirit   .     (helmet restricted)
rElec  .         Dismiss  .     (no cloak)
rCorr  .         Reflect  .     (no gloves)
SustAt .         Harm     .     (no boots)
MR     .....                    (no amulet)
Stlth  +.........               (no ring)
                                (no ring)

@: not resistant to hostile enchantments, very unstealthy
A: horns 1, blurry vision 1, fire resistance 1
a: Depart the Abyss, Renounce Religion


You were on level 2 of the Dungeon.
You worshipped Lugonu.
Lugonu was aware of your devotion.
You were not hungry.

You visited 1 branch of the dungeon, and saw 2 of its levels.
You visited the Abyss 1 time.

You collected 45 gold pieces.

Inventory:

Hand Weapons
 a - a +1 hand axe (weapon)
Armour
 i - a +0 ring mail (worn)
Scrolls
 d - a scroll of fog {unknown}
 f - a scroll of teleportation {unknown}
 g - 2 scrolls of remove curse {unknown}
 h - 2 scrolls of noise {unknown}
Comestibles
 c - a bread ration


   Skills:
 + Level 3.4 Fighting
 + Level 2.0 Axes
 * Level 2.2 Armour
 + Level 1.2 Dodging
 + Level 2.7 Invocations


You had 2 spell levels left.
You didn't know any spells.

Dungeon Overview and Level Annotations

Branches:
Dungeon (2/15)

Altars:

Annotations:
D:2 Sigmund


Innate Abilities, Weirdness & Mutations

You have a pair of small horns on your head.
Your flesh is heat resistant.
Scrolls take you a little longer to read.


Message History

Sigmund is lightly wounded.
Sigmund casts a spell.
Sigmund flickers and vanishes!
Deactivating autopickup; reactivate with Ctrl-A.
You hit something. Something hits you.
You aren't carrying any potions.
Okay, then.
You closely miss something. You headbutt something.
Something hits you but does no damage.
You closely miss something. Something hits you.
You closely miss something. Something hits you.
You hit something. You hit something. Something hits you!
* * * LOW HITPOINT WARNING * * *
You miss something. Something hits you.
* * * LOW HITPOINT WARNING * * *
You hit something. Your headbutt misses something.
Something hits you but does no damage.
You hit something but do no damage. You headbutt something. Something hits you!
You die...

###### #....# #....#
#....# ########### ##
####....####...#...#.#.$.
..........)[#..#({#r..#..
###########..#.#@#.....#.
#...###†......#
#..............
#####....###... #...#.#
.. #..#..# #.#...#
############# #.......#


There were no monsters in sight!

Vanquished Creatures
  A worm (D:2)
  A dart slug (D:2)
  A giant gecko (D:2)
  A ball python (D:1)
  A bat (D:1)
  6 goblins
  3 hobgoblins
  A kobold (D:1)
  2 quokkas (D:2)
  A giant newt (D:2)
  3 rats
21 creatures vanquished.

Notes
Turn   | Place    | Note
--------------------------------------------------------------
     0 | Abyss:1  | Gargoyl the Demonspawn Abyssal Knight began the quest for the Orb.
     0 | Abyss:1  | Reached XP level 1. HP: 18/18 MP: 2/2
    50 | Abyss:1  | Noticed a chaos spawn
    97 | Abyss:1  | Noticed a neqoxec
    97 | Abyss:1  | Gained mutation: Scrolls take you a little longer to read. [a neqoxec]
    98 | D:1      | Escaped the Abyss
   367 | D:1      | Reached skill level 1 in Dodging
   491 | D:1      | Gained mutation: Your flesh is heat resistant. [demonic ancestry]
   491 | D:1      | Reached XP level 2. HP: 19/24 MP: 3/3
   722 | D:2      | Reached * piety under Lugonu
  1235 | D:2      | Gained mutation: You have a pair of small horns on your head. [demonic ancestry]
  1235 | D:2      | Reached XP level 3. HP: 29/29 MP: 3/5
  1242 | D:2      | Noticed Sigmund
  1262 | D:2      | HP: 1/29 [something (1)]
  1264 | D:2      | Mangled by Sigmund

Skill      XL: |  1  2 |
---------------+-------+-----
Dodging        | 1 |  1.2
Axes           | 2 |  2.0
Armour         | 2 |  2.2
Fighting       | |  3.4
Invocations    | |  2.7

Action                   || total
-------------------------++-------
Melee: Hand axe          ||    86
       Headbutt          ||     2
Invok: Depart the Abyss  ||     1
  Eat: Chunk             ||     1
Armor: Leather armour    ||    13
       Ring mail         ||    15
Dodge: Dodged            ||    42
